 Dungeon Crawl Stone Soup version 0.31-a0-986-g5e6e4ef867 (console) character file.

Game seed: 7047039489894014151

133391 jejorda2 the Blocker (level 17, -2/137 HPs)
             Began as a Gnoll Berserker on Nov 23, 2023.
             Was a High Priest of Trog.
             Slain by a black mamba (8 damage)
             ... on level 2 of the Snake Pit on Nov 25, 2023.
             The game lasted 01:40:23 (32539 turns).

jejorda2 the Blocker (Gnoll Berserker)             Turns: 32539, Time: 01:40:24

Health: -2/137     AC: 29    Str: 23    XL:     17   Next: 14%
Magic:  0/32       EV: 11    Int:  8    God:    Trog [*****.]
Gold:   1453       SH:  0    Dex: 12    Spells: 39/39 levels left

rFire   + + .        b - +0 broad axe (heavy)
rCold   + . .        (no shield)
rNeg    . . .        e - +1 plate armour {rF+}
rPois   +            k - +1 helmet of Vonegogo {Drain rPois rF+ Will+ rCorr}
rElec   .            l - +0 cloak
rCorr   +            v - +2 pair of gloves
SInv    .            O - +0 pair of boots
Will    ++++.        u - amulet of guardian spirit Stlth
                     n - +4 ring of protection
HPRegen 1.42/turn    C - ring of protection from cold
MPRegen 0.23/turn

%: guardian spirit
@: lethally poisoned (-2 -> -4), strong-willed (expiring), on berserk cooldown,
regenerating (expiring), slowed, studying Shields, very slow
A: fangs 1, strong nose, distributed training
a: Renounce Religion, Berserk, Trog's Hand, Brothers in Arms


You were on level 2 of the Snake Pit.
You worshipped Trog.
Trog was extremely pleased with you.
You visited 4 branches of the dungeon, and saw 24 of its levels.
You also visited: Gauntlet, Ice Cave and Volcano.

You collected 2861 gold pieces.
You spent 1408 gold pieces at shops.

Inventory:

Hand Weapons
 a - a +3 lajatang of electrocution
 b - a +0 heavy broad axe (weapon)
 w - a +6 morningstar
Missiles
 c - 20 boomerangs (quivered)
 z - 19 poisoned darts
 J - a curare-tipped dart
 S - 6 javelins
Armour
 e - a +1 plate armour of fire resistance (worn)
 k - the +1 helmet of Vonegogo (worn) {Drain rPois rF+ Will+ rCorr}
   (You found it in a Gauntlet)

   rF+:       It protects you from fire.
   rPois:     It protects you from poison Will+: It increases your willpower.
   rCorr:     It protects you from acid and corrosion.
   Drain:     It drains your maximum health when unequipped.
 l - a +0 cloak (worn)
 v - a +2 pair of gloves (worn)
 O - a +0 pair of boots (worn)
Jewellery
 n - a +4 ring of protection (left hand)
 r - a ring of flight
 u - an amulet of guardian spirit (around neck)
 y - a ring of see invisible
 C - a ring of protection from cold (right hand)
 R - a ring of magical power
Wands
 f - a wand of polymorph (10)
 j - a wand of iceblast (14)
 p - a wand of charming (39)
 s - a wand of flame (34)
 D - a wand of mindburst (32)
 E - a wand of quicksilver (6)
 I - a wand of digging (3)
Scrolls
 d - 8 scrolls of teleportation
 x - a scroll of immolation
 G - a scroll of enchant armour
 H - 5 scrolls of fear
 L - 10 scrolls of identify
 M - 3 scrolls of fog
 N - a scroll of silence
 P - 2 scrolls of poison
Potions
 g - 4 potions of haste
 h - 3 potions of enlightenment
 i - a potion of resistance
 m - a potion of cancellation
 o - 7 potions of heal wounds
 q - 8 potions of curing
 t - 5 potions of mutation
 A - a potion of invisibility
 F - 3 potions of ambrosia
 K - 2 potions of attraction
 T - 2 potions of might
Miscellaneous
 Q - a tin of tremorstones (2/2)
 U - a phial of floods


   Skills:
 + Level 13.2 Fighting
 + Level 11.6 Short Blades
 + Level 11.6 Long Blades
 + Level 13.2 Axes
 + Level 11.6 Maces & Flails
 + Level 11.6 Polearms
 + Level 11.6 Staves
 + Level 11.6 Ranged Weapons
 + Level 11.6 Throwing
 + Level 12.5 Armour
 + Level 12.5 Dodging
 + Level 11.6 Stealth
 + Level 14.3 Shields
 + Level 11.6 Unarmed Combat
 + Level 11.6 Spellcasting
 + Level 9.8 Conjurations
 + Level 9.8 Hexes
 + Level 9.8 Summonings
 + Level 9.8 Necromancy
 + Level 9.8 Translocations
 + Level 9.8 Transmutations
 + Level 9.8 Fire Magic
 + Level 9.8 Ice Magic
 + Level 9.8 Air Magic
 + Level 9.8 Earth Magic
 + Level 9.8 Poison Magic
 + Level 12.6 Invocations
 + Level 11.6 Evocations
 + Level 10.7 Shapeshifting


You had 39 spell levels left.
You didn't know any spells.
Your spell library was empty.

Dungeon Overview and Level Annotations

Branches:
Dungeon (15/15)            Temple (0/1) D:7            Lair (5/5) D:10
  Swamp (0/4) Lair:3        Snake (2/4) Lair:3        Slime (0/5) Lair:4
    Orc (2/2) D:9             Elf (0/3) Orc:2        Vaults (0/5) D:13
 Depths (0/4) D:15          IceCv (visited)         Volcano (visited)
Gauntlet (visited)

Altars:
Cheibriados
Elyvilon
Makhleb
Nemelex Xobeh
Qazlal
Sif Muna
Uskayaw
The Shining One
Jiyva

Shops:
D:1 ?   D:2 *   D:12 !   Orc:2 ==(=

Portals:
Trove: D:15 (give 17 scrolls of teleportation)

Annotations:
D:10 1 runed translucent door, exclusion: door
D:14 exclusion: door
Lair:5 exclusion: obsidian statue


Innate Abilities, Weirdness & Mutations

You have very sharp teeth.
Your uncanny sense of smell can sniff out nearby items.
Your experience applies equally to all skills.


Message History

The black mamba bites you.
* * * LOW HITPOINT WARNING * * *
The black mamba bites you.
* * * LOW HITPOINT WARNING * * *
The black mamba bites you but does no damage. x3
You climb downwards.
You feel the effects of Trog's Hand fading.
There is a stone staircase leading up here.
Unknown command.
Unknown command.
You feel much better. The black mamba bites you.
* * * LOW HITPOINT WARNING * * *
You are poisoned.
The black mamba poisons you! The black mamba closely misses you.
The black mamba bites you!
* * * LOW HITPOINT WARNING * * *
The black mamba bites you but does no damage.
The black mamba barely misses you.
The black mamba bites you but does no damage.
The black mamba barely misses you.
The black mamba bites you but does no damage.
The black mamba closely misses you.
Your +3 lajatang of electrocution stops crackling.
b - a +0 heavy broad axe (weapon)
You feel very sick.
The black mamba closely misses you. x2; The black mamba barely misses you.
Unknown command.
You're still recovering from your berserk rage.
Unknown command.
You slash the black mamba! Your punch misses the black mamba.
Your bite misses the black mamba.
The black mamba is moderately wounded.
You slice the black mamba!! You barely miss the black mamba.
You feel extremely sick. The black mamba bites you.
* * * LOW HITPOINT WARNING * * *
The black mamba misses you. The black mamba bites you!
* * * LOW HITPOINT WARNING * * *
The black mamba completely misses you. The black mamba bites you!
You die...

#########
......S@#
#######SS......
#########


You could see 3 black mambas.

Vanquished Creatures
  Agnes (Snake:1)
  4 dire elephants (Lair:5)
  Nessos (D:13)
  A minotaur (Gauntlet)
  An ettin (Orc:1)
  Josephine (D:10)
  7 hydras
  2 ogre magi (D:15)
  A ghost crab (Lair:3)
  2 catoblepae
  A naga warrior (Snake:1)
  6 boulder beetles
  5 centaur warriors
  17 two-headed ogres
  A vampire mage (D:15)
  9 death yaks
  A shock serpent (Snake:1)
  A hell knight (Volcano)
  A fire crab (Lair:5)
  A storm dragon zombie (D:15)
  A naga sharpshooter (Snake:1)
  A skyshark (Lair:5)
  9 skeletal warriors
  A spectral death yak (Lair:5)
  Lodul (D:10)
  A salamander mystic (Volcano)
  2 spark wasp zombies (D:15)
  A spectral hydra (Lair:3)
  A spectral anaconda (Lair:5)
  7 orc knights
  4 deep elf pyromancers
  5 necromancers
  An obsidian statue (Gauntlet)
  2 wolf spider zombies (D:15)
  2 mana vipers (Snake:1)
  A wolf spider (Lair:3)
  7 ugly things
  5 oklob plants (Lair:4)
  2 manticores
  6 salamanders (Volcano)
  4 cyclopes
  A naga mage (Snake:1)
  3 ice statues (IceCv)
  29 elephants
  7 black mambas
  A gargoyle (D:14)
  A dire elephant zombie (Lair:5)
  15 cane toads
  An unseen horror (D:10)
  9 centaur zombies
  An unseen horror zombie (D:10)
  Maggie (D:7)
  5 centaur skeletons (D:10)
  An anaconda simulacrum (IceCv)
  A minotaur zombie (Gauntlet)
  4 rime drakes
  Psyche (D:12)
  4 komodo dragons
  An unseen horror skeleton (D:10)
  A hornet (D:10)
  2 polar bears
  A tyrant leech (Gauntlet)
  Grinder (D:4)
  5 trolls
  3 spectral elephants
  2 dream sheep (D:10)
  15 blink frogs
  6 slime creatures (D:12)
  4 flying skulls (D:10)
  Sigmund (D:3)
  6 wyverns
  2 vampires (D:15)
  30 yaks
  4 shadows
  6 wraiths
  Eustachio (D:6)
  2 spectral komodo dragons (Lair:3)
  16 humans (D:13)
  2 steam dragons
  5 basilisks
  Grum (Lair:1)
  7 vampire mosquitoes
  Menkaure (D:6)
  A two-headed ogre zombie (D:9)
  4 swamp worms (Gauntlet)
  5 wargs
  A hydra simulacrum (IceCv)
  Edmund (D:4)
  3 acid dragons
  2 spectral cane toads
  4 nagas (Lair:3)
  10 water moccasins
  Duvessa (D:7)
  A spectral blink frog (Lair:3)
  35 orc warriors
  3 black bears
  15 ogres
  2 sky beasts (D:8)
  3 boggarts
  An elephant zombie (Lair:5)
  9 wolves
  2 phantoms (D:9)
  32 centaurs
  An elephant skeleton (Lair:5)
  5 kobold brigands
  9 bullfrogs
  A gnoll sergeant (D:9)
  3 scorpions
  4 cane toad simulacra
  3 wights (D:10)
  Dowan (D:7)
  9 killer bees
  A troll zombie (D:9)
  3 elephant simulacra
  6 howler monkeys
  Crazy Yiuf (D:2)
  6 hounds
  6 jellies
  15 orc priests
  2 sleepcaps
  An iguana (D:5)
  Ijyb (D:3)
  13 orc wizards
  3 polar bear simulacra (IceCv)
  A wolf simulacrum (IceCv)
  6 ogre zombies (D:9)
  A howler monkey zombie (D:10)
  Robin (D:2)
  11 gnolls
  16 adders
  A howler monkey skeleton (D:10)
  2 ufetubi (D:6)
  3 worms
  4 dart slugs
  84 orcs
  4 bats
  5 endoplasms
  6 giant cockroaches
  7 gnoll zombies (D:9)
  16 goblins
  11 hobgoblins
  7 quokkas
  7 ball pythons
  3 frilled lizards
  A gnoll skeleton (D:9)
  15 kobolds
  2 orc skeletons (D:9)
  13 orc zombies (D:9)
  A rat (D:1)
795 creatures vanquished.

Vanquished Creatures (collateral kills)
  Roxanne (D:15)
  A ghost crab (Lair:3)
  A catoblepas (Lair:1)
  A skeletal warrior (D:10)
  2 ugly things (D:15)
  A centaur zombie (D:10)
  2 centaur skeletons (D:10)
  A yaktaur (D:15)
  A shadow (D:10)
  2 yaks (Lair:1)
  A vampire (D:15)
  A spectral komodo dragon (Lair:3)
  A water moccasin (Lair:1)
  A wight (D:10)
  A howler monkey skeleton (D:10)
18 creatures vanquished.

Vanquished Creatures (others)
  A centaur simulacrum (D:14)
  A sky beast (D:8)
  A centaur (D:12)
  A butterfly (D:3)
4 creatures vanquished.

Grand Total: 817 creatures vanquished

Notes
Turn   | Place    | Note
-------+----------+-------------------------------------------
     0 | D:1      | jejorda2 the Gnoll Berserker began the quest for the Orb.
     0 | D:1      | Reached XP level 1. HP: 23/23 MP: 1/1
   198 | D:1      | Reached XP level 2. HP: 29/29 MP: 2/2
   289 | D:1      | Found a faded altar of an unknown god.
   356 | D:1      | Found Faudoc's Magic Scroll Shoppe.
   461 | D:1      | Bought a scroll of identify for 22 gold pieces
   601 | D:1      | Reached XP level 3. HP: 35/35 MP: 3/3
   904 | D:2      | Reached ** piety under Trog
  1007 | D:2      | Reached skill level 1 in Invocations
  1126 | D:2      | Reached skill level 1 in Short Blades
  1126 | D:2      | Reached skill level 1 in Long Blades
  1126 | D:2      | Reached skill level 1 in Maces & Flails
  1126 | D:2      | Reached skill level 1 in Polearms
  1126 | D:2      | Reached skill level 1 in Staves
  1126 | D:2      | Reached skill level 1 in Ranged Weapons
  1126 | D:2      | Reached skill level 1 in Throwing
  1126 | D:2      | Reached skill level 1 in Stealth
  1126 | D:2      | Reached skill level 1 in Shields
  1126 | D:2      | Reached skill level 1 in Unarmed Combat
  1126 | D:2      | Reached skill level 1 in Spellcasting
  1126 | D:2      | Reached skill level 1 in Evocations
  1231 | D:1      | Bought a scroll of revelation for 82 gold pieces
  1340 | D:2      | Found a glowing golden altar of the Shining One.
  1388 | D:2      | Noticed Robin
  1394 | D:2      | Killed Robin
  1395 | D:2      | Reached skill level 1 in Shapeshifting
  1395 | D:2      | Reached XP level 4. HP: 41/41 MP: 5/5
  1624 | D:2      | Found a runed translucent door.
  1625 | D:2      | Noticed Crazy Yiuf
  1676 | D:2      | Found Burruor's General Store.
  1815 | D:2      | Killed Crazy Yiuf
  1816 | D:2      | Reached skill level 1 in Conjurations
  1816 | D:2      | Reached skill level 1 in Hexes
  1816 | D:2      | Reached skill level 1 in Summonings
  1816 | D:2      | Reached skill level 1 in Necromancy
  1816 | D:2      | Reached skill level 1 in Translocations
  1816 | D:2      | Reached skill level 1 in Transmutations
  1816 | D:2      | Reached skill level 1 in Fire Magic
  1816 | D:2      | Reached skill level 1 in Ice Magic
  1816 | D:2      | Reached skill level 1 in Air Magic
  1816 | D:2      | Reached skill level 1 in Earth Magic
  1816 | D:2      | Reached skill level 1 in Poison Magic
  1893 | D:3      | Reached XP level 5. HP: 47/47 MP: 5/7
  2137 | D:3      | Identified the +7 ring mail "Xuacs" {Str+3}
  2188 | D:3      | Found a white marble altar of Elyvilon.
  2198 | D:3      | Noticed Sigmund
  2356 | D:3      | Noticed Ijyb
  2377 | D:3      | Killed Ijyb
  2462 | D:3      | Reached XP level 6. HP: 52/53 MP: 8/8
  2545 | D:3      | Killed Sigmund
  2546 | D:3      | Reached skill level 5 in Armour
  2546 | D:3      | Reached skill level 5 in Dodging
  2546 | D:3      | Reached skill level 2 in Shields
  2664 | D:3      | Found a sparkling altar of Nemelex Xobeh.
  2687 | D:3      | Found a hide-covered altar of Uskayaw.
  2693 | D:3      | Found a snail-covered altar of Cheibriados.
  2768 | D:2      | Bought a potion of curing for 30 gold pieces
  2881 | D:4      | Found a shimmering blue altar of Sif Muna.
  3174 | D:4      | Noticed Grinder
  3175 | D:4      | Noticed Edmund
  3184 | D:4      | Killed Grinder
  3185 | D:4      | Reached XP level 7. HP: 60/60 MP: 10/10
  3191 | D:4      | Reached *** piety under Trog
  3198 | D:4      | Killed Edmund
  3366 | D:4      | Reached XP level 8. HP: 31/67 MP: 12/12
  3549 | D:4      | Reached skill level 3 in Shields
  3765 | D:5      | Entered Level 5 of the Dungeon
  5381 | D:6      | Reached XP level 9. HP: 71/73 MP: 14/14
  5401 | D:6      | Noticed Menkaure
  5413 | D:6      | Killed Menkaure
  5639 | D:6      | Reached skill level 4 in Shields
  5652 | D:6      | Noticed a two-headed ogre
  5658 | D:6      | Noticed Eustachio
  5661 | D:6      | Killed a two-headed ogre
  5699 | D:6      | Killed Eustachio
  5781 | D:6      | Reached skill level 5 in Invocations
  6436 | D:7      | Noticed Duvessa
  6436 | D:7      | Noticed Dowan
  6440 | D:7      | Killed Duvessa
  6492 | D:7      | Killed Dowan
  6519 | D:7      | Noticed Maggie
  6536 | D:7      | Killed Maggie
  6551 | D:7      | Reached XP level 10. HP: 80/80 MP: 17/17
  6598 | D:7      | Reached skill level 5 in Short Blades
  6598 | D:7      | Reached skill level 5 in Long Blades
  6598 | D:7      | Reached skill level 5 in Maces & Flails
  6598 | D:7      | Reached skill level 5 in Polearms
  6598 | D:7      | Reached skill level 5 in Staves
  6598 | D:7      | Reached skill level 5 in Ranged Weapons
  6598 | D:7      | Reached skill level 5 in Throwing
  6598 | D:7      | Reached skill level 5 in Stealth
  6598 | D:7      | Reached skill level 5 in Shields
  6598 | D:7      | Reached skill level 5 in Unarmed Combat
  6598 | D:7      | Reached skill level 5 in Spellcasting
  6598 | D:7      | Reached skill level 5 in Evocations
  6631 | D:7      | Found a stormy altar of Qazlal.
  6881 | D:7      | Found a staircase to the Ecumenical Temple.
  7318 | D:8      | Noticed a two-headed ogre
  7327 | D:8      | Killed a two-headed ogre
  7332 | D:8      | Reached skill level 5 in Shapeshifting
  7926 | D:8      | Noticed a boulder beetle
  7935 | D:8      | Noticed a deep elf pyromancer
  7936 | D:8      | Reached XP level 11. HP: 87/87 MP: 19/19
  7943 | D:8      | Killed a boulder beetle
  7944 | D:8      | Reached skill level 6 in Shields
  7944 | D:8      | Reached skill level 5 in Conjurations
  7944 | D:8      | Reached skill level 5 in Hexes
  7944 | D:8      | Reached skill level 5 in Summonings
  7944 | D:8      | Reached skill level 5 in Necromancy
  7944 | D:8      | Reached skill level 5 in Translocations
  7944 | D:8      | Reached skill level 5 in Transmutations
  7944 | D:8      | Reached skill level 5 in Fire Magic
  7944 | D:8      | Reached skill level 5 in Ice Magic
  7944 | D:8      | Reached skill level 5 in Air Magic
  7944 | D:8      | Reached skill level 5 in Earth Magic
  7944 | D:8      | Reached skill level 5 in Poison Magic
  7950 | D:8      | Killed a deep elf pyromancer
  8472 | D:9      | Noticed a two-headed ogre
  8484 | D:9      | Killed a two-headed ogre
  8690 | D:9      | Found a staircase to the Orcish Mines.
  8792 | D:9      | Reached **** piety under Trog
  9172 | D:10     | Entered Level 10 of the Dungeon
  9330 | D:10     | Noticed Lodul
  9345 | D:10     | Killed Lodul
  9653 | D:10     | Reached skill level 7 in Shields
  9653 | D:10     | Reached XP level 12. HP: 44/97 MP: 18/22
  9820 | D:10     | Noticed Josephine
  9833 | D:10     | Killed Josephine
 10002 | D:10     | Found a staircase to the Lair.
 10009 | D:10     | Found a runed translucent door.
 10012 | D:10     | Found a burning altar of Makhleb.
 10069 | D:10     | Reached skill level 10 in Fighting
 10069 | D:10     | Reached skill level 10 in Axes
 10240 | D:10     | Noticed a three-headed hydra
 10266 | D:10     | Killed a three-headed hydra
 11192 | D:1      | Bought a scroll of acquirement for 572 gold pieces
 11198 | D:1      | Acquired a manual of Shields
 11410 | Lair:1   | Entered Level 1 of the Lair of Beasts
 11497 | Lair:1   | Noticed a catoblepas
 11509 | Lair:1   | Killed a catoblepas
 11566 | Lair:1   | Reached skill level 8 in Shields
 11906 | Lair:1   | Noticed Grum
 11919 | Lair:1   | Killed Grum
 11920 | Lair:1   | Reached XP level 13. HP: 66/104 MP: 25/25
 12944 | Lair:2   | Reached skill level 9 in Shields
 14464 | Lair:3   | Found a staircase to the Snake Pit.
 15010 | Lair:3   | Found a staircase to the Swamp.
 15145 | Lair:3   | Identified the +7 rapier of the Glowing Gods {vamp, rPois
                  | Str-3 Dex+6}
 15620 | Lair:3   | Reached skill level 10 in Armour
 15620 | Lair:3   | Reached skill level 10 in Dodging
 16138 | Lair:3   | Reached skill level 10 in Shields
 16209 | Lair:4   | Reached XP level 14. HP: 111/111 MP: 27/27
 16694 | Lair:4   | Reached skill level 10 in Invocations
 17196 | Lair:4   | Found a viscous altar of Jiyva.
 17222 | Lair:4   | Found a staircase to the Slime Pits.
 17643 | Lair:5   | Entered Level 5 of the Lair of Beasts
 18460 | Lair:5   | Reached skill level 11 in Shields
 19813 | Lair:5   | Noticed a dire elephant
 19813 | Lair:5   | Noticed a dire elephant
 19816 | Lair:5   | Noticed a dire elephant
 19911 | Lair:5   | Noticed a dire elephant
 19921 | Lair:5   | Killed a dire elephant
 20041 | Lair:5   | Reached XP level 15. HP: 120/120 MP: 28/28
 20535 | Lair:5   | Reached skill level 10 in Short Blades
 20535 | Lair:5   | Reached skill level 10 in Long Blades
 20535 | Lair:5   | Reached skill level 10 in Maces & Flails
 20535 | Lair:5   | Reached skill level 10 in Polearms
 20535 | Lair:5   | Reached skill level 10 in Staves
 20535 | Lair:5   | Reached skill level 10 in Ranged Weapons
 20535 | Lair:5   | Reached skill level 10 in Throwing
 20535 | Lair:5   | Reached skill level 10 in Stealth
 20535 | Lair:5   | Reached skill level 10 in Unarmed Combat
 20535 | Lair:5   | Reached skill level 10 in Spellcasting
 20535 | Lair:5   | Reached skill level 10 in Evocations
 21275 | Lair:5   | Reached skill level 12 in Shields
 22755 | D:12     | Found Zeqo's Distillery.
 22764 | D:12     | Bought a potion of resistance for 130 gold pieces
 22798 | D:12     | Found a frozen archway.
 22825 | IceCv    | Entered an ice cave
 23127 | D:12     | Found a gate leading to a gauntlet.
 23132 | Gauntlet | Entered a Gauntlet
 23132 | Gauntlet | Found a transporter.
 23141 | Gauntlet | Found a transporter.
 23160 | Gauntlet | Found a transporter.
 23161 | Gauntlet | Found a transporter.
 23181 | Gauntlet | Found a transporter.
 23195 | Gauntlet | Found a transporter.
 23198 | Gauntlet | Found a transporter.
 23202 | Gauntlet | Found a transporter.
 23225 | Gauntlet | Found a transporter.
 23233 | Gauntlet | Found a transporter.
 23233 | Gauntlet | Found a transporter.
 23241 | Gauntlet | Found a transporter.
 23366 | Gauntlet | Identified the +1 helmet of Vonegogo {Drain rPois rF+ Will+
                  | rCorr}
 23385 | Gauntlet | Identified the ring "Momoah" {Will+ Dex+6}
 23431 | Gauntlet | Identified the +1 hat "Adweys" {rC+ Regen+ Str+3}
 24110 | D:12     | Found a transporter.
 24192 | D:12     | Noticed Psyche
 24195 | D:12     | Killed Psyche
 24336 | D:13     | Noticed Nessos
 24336 | D:13     | Found a gate to the Vaults.
 24680 | D:13     | Killed Nessos
 24989 | D:13     | Reached XP level 16. HP: 126/129 MP: 30/30
 25139 | D:13     | Identified the +0 leather armour "Osaoxuv" {-Tele Str+4
                  | Dex+3}
 25422 | D:13     | Reached skill level 13 in Shields
 25811 | D:14     | Found a hide-covered altar of Uskayaw.
 26034 | D:14     | Reached skill level 10 in Shapeshifting
 26059 | D:14     | Reached ***** piety under Trog
 26483 | D:15     | Entered Level 15 of the Dungeon
 26701 | D:15     | Noticed Roxanne
 27045 | D:15     | Found a staircase to the Depths.
 28187 | D:15     | Found a portal to a secret trove of treasure.
 28446 | D:15     | Killed Roxanne
 28608 | Orc:1    | Entered Level 1 of the Orcish Mines
 28861 | Orc:2    | Entered Level 2 of the Orcish Mines
 28867 | Orc:2    | Received a gift from Trog
 28962 | Orc:2    | Found a staircase to the Elven Halls.
 28971 | Orc:2    | Found a dark tunnel.
 28995 | Volcano  | Entered a volcano
 29015 | Volcano  | Found a bloodstained altar of Trog.
 29262 | Volcano  | Reached skill level 14 in Shields
 30813 | Orc:1    | Reached XP level 17. HP: 87/127 MP: 20/32
 31086 | Orc:2    | Received a gift from Trog
 31565 | Orc:2    | Found Cobowk's Jewellery Boutique.
 31566 | Orc:2    | Found Usadanon's Antique Weapon Shoppe.
 31566 | Orc:2    | Found Pogyaso Lierch's Jewellery Shop.
 31569 | Orc:2    | Found Syse's Jewellery Emporium.
 31622 | Orc:2    | Bought a +4 ring of protection for 468 gold pieces
 31878 | D:1      | Bought a scroll of brand weapon for 104 gold pieces
 32151 | Snake:1  | Entered Level 1 of the Snake Pit
 32387 | Snake:1  | Noticed Agnes
 32398 | Snake:1  | Killed Agnes
 32531 | Snake:1  | HP: 6/137 [black mamba (3)]
 32533 | Snake:1  | HP: 2/137 [black mamba (6)]
 32539 | Snake:2  | HP: 6/137 [black mamba (7)]
 32539 | Snake:2  | Slain by a black mamba

Illustrated notes

Levels and vault maps discovered:
D:1:      wander_arrival_desolate, layout_loops_ring,
          hellmonk_ecumenical_altar_crossroads, serial_shops, shop
D:2:      layout_loops_ring, basic_altar, serial_shops,
          nicolae_shop_window_shopping, uniq_crazy_yiuf_cottage, uniq_robin
D:3:      layout_rooms, minmay_overflow_temple_star_quad,
          nicolae_elyvilon_peaceful_grove, minmay_circle_x, uniq_sigmund,
          uniq_ijyb
D:4:      layout_loops_cross, mainiacjoe_overflow_24_doors, uniq_grinder,
          uniq_edmund
D:5:      layout_cave_pods
D:6:      layout_basic, minmay_misc_feat_rows, minmay_curled_crystal,
          uniq_eustachio, uniq_menkaure
D:7:      layout_basic, mainiacjoe_overflow_cross_hatched,
          minmay_temple_entry_nine_rooms, uniq_maggie, uniq_duvessa
D:8:      nzn_winding_woodlands_cross [nzn_winding_woodlands_5x15_lazy_stream,
          nzn_winding_woodlands_5x15_crooked, nzn_winding_woodlands_5x15_eye,
          nzn_winding_woodlands_5x15_pathside_ponds,
          nzn_winding_woodlands_15x15_boxy_spiral], layout_basic,
          grunt_ministairs_4
D:9:      layout_basic, zombieorc2_lemuel, kennysheep_generic_room_11
D:10:     hangedman_screamer, layout_basic, nzn_makhleb_speed_demon,
          lair_entry_dummy, hangedman_ranch, uniq_lodul
D:11:     minmay_inner_zag, layout_cave_pools
D:12:     layout_small_grid, serial_shops, nicolae_shop_industrial_runoff,
          portal_ice_cave_rime, gauntlet_entry_generic, nicolae_diode_basic,
          uniq_psyche
D:13:     layout_roguey, david_vaults_3, serial_rivers,
          chequers_serial_rivers_small_3, chequers_serial_rivers_small_b,
          chequers_serial_rivers_small_b, chequers_serial_rivers_room_a,
          chequers_serial_rivers_micro_b
D:14:     layout_cave_pools, nicolae_zig_zag_zippers, nicolae_uskayaw_en_pointe
D:15:     gammafunk_depths_entry_grave, layout_long_grid,
          palyth_stone_intersect, serial_undead, serial_undead_e,
          serial_undead_f, serial_undead_a, serial_undead_a,
          nicolae_trove_entry_crystal, uniq_roxanne
Lair:1:   layout_regular_city, uniq_grum
Lair:2:   layout_roguey, nzn_sisyphean_effort
Lair:3:   minmay_lair_venomous_thicket, layout_big_grid,
          nicolae_swamp_entry_spooky, minmay_snake_entry_guardpost_medium,
          grunt_megastairs_3
Lair:4:   layout_small_grid, minmay_slime_entry_oklob_enclosed
Lair:5:   due_jungle_book, layout_regular_city, grunt_forest_large_clearings,
          grunt_megastairs_4, serial_bayou_shore_b
Snake:1:  layout_rooms, serial_bayou_shore_b, uniq_agnes, uniq_donald
Snake:2:  layout_basic, serial_bayou_shore_b
Orc:1:    layout_diamond_mine, minmay_orc_temple_a, uniq_josephine
Orc:2:    st_orc_rangers, layout_caves, nicolae_volcano_entry_hallway

Skill      XL: |  1  2  3  4  5  6  7  8  9 10 11 12 13 14 15 16 |
---------------+-------------------------------------------------+-----
Invocations    | 1 2 3 4 5 6 7 8 9 10 11 12 | 12.6
Short Blades   | 1 2 3 4 5 7 8 9 10 11 | 11.6
Long Blades    | 1 2 3 4 5 7 8 9 10 11 | 11.6
Maces & Flails | 1 2 3 4 5 7 8 9 10 11 | 11.6
Polearms       | 1 2 3 4 5 7 8 9 10 11 | 11.6
Staves         | 1 2 3 4 5 7 8 9 10 11 | 11.6
Ranged Weapons | 1 2 3 4 5 7 8 9 10 11 | 11.6
Throwing       | 1 2 3 4 5 7 8 9 10 11 | 11.6
Stealth        | 1 2 3 4 5 7 8 9 10 11 | 11.6
Shields        | 1 2 3 4 5 7 8 10 11 12 14 | 14.3
Unarmed Combat | 1 2 3 4 5 7 8 9 10 11 | 11.6
Spellcasting   | 1 2 3 4 5 7 8 9 10 11 | 11.6
Evocations     | 1 2 3 4 5 7 8 9 10 11 | 11.6
Shapeshifting  | 1 2 3 4 5 6 7 8 9 10 | 10.7
Conjurations   | 1 2 3 4 5 6 7 8 9 |  9.8
Hexes          | 1 2 3 4 5 6 7 8 9 |  9.8
Summonings     | 1 2 3 4 5 6 7 8 9 |  9.8
Necromancy     | 1 2 3 4 5 6 7 8 9 |  9.8
Translocations | 1 2 3 4 5 6 7 8 9 |  9.8
Transmutations | 1 2 3 4 5 6 7 8 9 |  9.8
Fire Magic     | 1 2 3 4 5 6 7 8 9 |  9.8
Ice Magic      | 1 2 3 4 5 6 7 8 9 |  9.8
Air Magic      | 1 2 3 4 5 6 7 8 9 |  9.8
Earth Magic    | 1 2 3 4 5 6 7 8 9 |  9.8
Poison Magic   | 1 2 3 4 5 6 7 8 9 |  9.8
Armour         | 5 6 7 8 9 10 11 12 | 12.5
Dodging        | 5 6 7 8 9 10 11 12 | 12.5
Fighting       | 7 8 9 10 11 12 13 | 13.2
Axes           | 7 8 9 10 11 12 13 | 13.2

Action                     |  1- 3 |  4- 6 |  7- 9 | 10-12 | 13-15 | 16-18 || total
---------------------------+-------+-------+-------+-------+-------+-------++-------
  Melee: Hand axe          |    98 |   204 |    17 |       |       |       ||   319
         Bite              |    16 |    16 |    20 |    99 |   271 |   123 ||   545
         Punch             |     1 |     5 |     1 |    33 |    63 |       ||   103
         Flail             |       |       |    25 |     9 |   213 |   137 ||   384
         War axe           |       |       |   203 |   669 |  1298 |   465 ||  2635
         Broad axe         |       |       |       |       |       |   179 ||   179
         Lajatang          |       |       |       |       |       |    20 ||    20
  Throw: Dart              |       |       |       |    12 |   157 |    19 ||   188
         Boomerang         |       |       |       |       |    23 |    16 ||    39
         Javelin           |       |       |       |       |    13 |     1 ||    14
 Invoke: Berserk           |     2 |     4 |     7 |    11 |    31 |    13 ||    68
         Trog's Hand       |       |     4 |     4 |     6 |     9 |     7 ||    30
         Brothers in Arms  |       |       |       |     2 |     1 |     2 ||     5
  Evoke: Wand              |       |       |       |       |    19 |       ||    19
         Phial of floods   |       |       |       |       |     1 |       ||     1
    Use: Scroll            |     1 |     6 |    10 |    10 |    10 |     3 ||    40
         Potion            |       |       |       |     1 |     5 |     2 ||     8
   Stab: Sleeping          |     1 |       |     7 |     6 |     9 |     5 ||    28
         Distracted        |       |       |       |       |     2 |     1 ||     3
 Armour: Animal skin       |    35 |       |       |       |       |       ||    35
         Scale mail        |     9 |    51 |       |       |       |       ||    60
         Ring mail         |       |    98 |   214 |   651 |  1286 |   366 ||  2615
         Plate armour      |       |       |       |       |       |   318 ||   318
         Chain mail        |       |       |       |       |       |    75 ||    75
  Dodge: Dodged            |    47 |   107 |   218 |   501 |  1135 |   548 ||  2556
  Block: Buckler           |       |       |       |       |   225 |   306 ||   531

Table legend: (Time is in decaauts)
 A = Elapsed time spent in this place.
 B = Non-inter-level travel time spent in this place.
 C = Inter-level travel time spent in this place.
 D = Time resting spent in this place.
 E = Time spent auto-exploring this place.
 F = Levels seen in this place.
 G = Mean time per level.
                   A        B        C        D        E       F      G
               +--------+--------+--------+--------+--------+-----+--------+
         Total |  32902 |  29919 |   2983 |   4917 |  18002 |  27 | 1218.6 |
       Dungeon |  18580 |  16254 |   2326 |   2366 |  10135 |  15 | 1238.7 |
          Lair |  10156 |   9675 |    481 |   1644 |   6028 |   5 | 2031.2 |
     Snake Pit |    405 |    405 |      0 |     62 |    217 |   2 |  202.5 |
  Orcish Mines |   2590 |   2415 |    175 |    554 |   1368 |   2 | 1295.0 |
      Ice Cave |    253 |    253 |      0 |      0 |      7 |   1 |  253.0 |
       Volcano |    452 |    452 |      0 |    188 |     72 |   1 |  452.0 |
      Gauntlet |    464 |    464 |      0 |    101 |    174 |   1 |  464.0 |
               +--------+--------+--------+--------+--------+-----+--------+

Top non-repeatable levels by time:
  Lair:5: 3508 daAuts
  Lair:3: 2151 daAuts
    D:10: 1936 daAuts
    D:15: 1907 daAuts
  Lair:4: 1814 daAuts
   Orc:2: 1781 daAuts
    D:13: 1523 daAuts
     D:8: 1393 daAuts
  Lair:1: 1359 daAuts
     D:5: 1354 daAuts
  Lair:2: 1322 daAuts
     D:6: 1301 daAuts
     D:2: 1208 daAuts
     D:4: 1195 daAuts
     D:9: 1150 daAuts
